 Dungeon Crawl Stone Soup version 0.28-a0-793-g31680bbd8b (webtiles) character file.

Game seed: 13154613968247151167

2032 bande the Chopper (level 9, -1/55 HPs)
             Began as a Gargoyle Fighter on Nov 4, 2021.
             Splashed by a brown ugly thing's acid (8 damage)
             ... on level 6 of the Dungeon.
             The game lasted 00:09:20 (4421 turns).

bande the Chopper (Gargoyle Fighter)                Turns: 4421, Time: 00:09:22

Health: -1/55      AC: 19    Str: 21    XL:     9   Next: 23%
Magic:  9/9        EV:  8    Int:  9    God:
Gold:   2272       SH:  6    Dex: 11    Spells: 8/8 levels left

rFire   . . .      SeeInvis +   a - +0 war axe (protect)
rCold   + + .      Faith    .   c - +1 buckler
rNeg    + . .      Spirit   .   l - +2 chain mail {rC+}
rPois   ∞          Reflect  .   m - +0 helmet {SInv}
rElec   +          Harm     .   q - +0 cloak
rCorr   .          Rampage  .   (no gloves)
Will    .....                   v - +2 pair of boots
Stlth   ..........              k - amulet of regeneration
HPRegen 1.18/turn               e - ring of protection from cold
MPRegen 0.11/turn               (no ring)

@: mighty, corroded, under a protective aura
A: sickness immunity, AC +6, negative energy resistance 1, electricity
resistance, torment resistance 1, petrification resistance
a: no special abilities


You were on level 6 of the Dungeon.
You visited 1 branch of the dungeon, and saw 6 of its levels.

You collected 2272 gold pieces.

Inventory:

Hand Weapons
 a - a +0 war axe of protection (weapon)
 g - a +0 war axe
 w - a +0 flail of protection
Armour
 c - a +1 buckler (worn)
 l - a +2 chain mail of cold resistance (worn)
 m - a +0 helmet of see invisible (worn)
 q - a +0 cloak (worn)
 v - a +2 pair of boots (worn)
Jewellery
 e - a ring of protection from cold (left hand)
 k - an amulet of regeneration (around neck)
Wands
 t - a wand of charming (12)
Scrolls
 b - 2 scrolls of magic mapping
 f - 4 scrolls of teleportation
 h - 3 scrolls of enchant armour
 s - a scroll of holy word
Potions
 j - 2 potions of cancellation {unknown}
 n - 2 potions of haste {unknown}
 o - a potion of flight {unknown}
 p - 2 potions of ambrosia {unknown}
 r - a potion of lignification {unknown}
 u - 2 potions of curing
 x - a potion of mutation {unknown}


   Skills:
 + Level 5.8 Fighting
 + Level 7.9 Axes
 + Level 5.6 Armour
 - Level 0.2 Stealth
 + Level 5.8 Shields
 * Level 2.9 Evocations


You had 8 spell levels left.
You didn't know any spells.
Your spell library contained the following spells:

 Spells                   Type           Power      Damage    Failure   Level
 Animate Skeleton         Necr           0%         N/A       98%         1
 Pain                     Necr           0%         1d4       98%         1
 Blink                    Tloc           0%         N/A       99%         2
 Vampiric Draining        Necr           0%         2d6       100%        3
 Cause Fear               Hex            0%         N/A       100%        4
 Manifold Assault         Tloc           0%         N/A       100%        5
 Dragon Form              Tmut           0%         N/A       100%        7
 Storm Form               Tmut/Air       0%         N/A       100%        7
 Dragon's Call            Summ           0%         N/A       100%        9


Dungeon Overview and Level Annotations

Branches:
Dungeon (6/15)
 Temple: D:4-7

Altars:
Hepliaklqana
Wu Jian


Innate Abilities, Weirdness & Mutations

You are immune to sickness and miasma.
Your stone body is resilient. (AC +6)
You are immune to poison.
You resist negative energy. (rN+)
You are resistant to electric shocks. (rElec)
You are resistant to unholy torment.
You are immune to petrification.


Message History

* * * LOW HITPOINT WARNING * * *
You hit the brown ugly thing.
The brown ugly thing is moderately wounded.
The brown ugly thing completely misses you.
You hit the brown ugly thing but do no damage.
The brown ugly thing is moderately wounded.
The brown ugly thing headbutts you but does no damage.
You closely miss the brown ugly thing.
The brown ugly thing is moderately wounded.
The brown ugly thing closely misses you.
You feel much better.
The brown ugly thing headbutts you but does no damage.
You hit the brown ugly thing but do no damage.
Your weapon exudes an aura of protection.
The brown ugly thing is moderately wounded.
The brown ugly thing closely misses you.
You slash the brown ugly thing!
The brown ugly thing is heavily wounded.
The brown ugly thing headbutts you but does no damage.
The brown ugly thing headbutts you!
You are splashed with acid!
You feel very mighty all of a sudden.
The brown ugly thing headbutts you but does no damage.
You barely miss the brown ugly thing.
The brown ugly thing is moderately wounded.
The brown ugly thing headbutts you but does no damage.
You barely miss the brown ugly thing.
The brown ugly thing is moderately wounded.
The brown ugly thing headbutts you but does no damage.
You closely miss the brown ugly thing.
The brown ugly thing is moderately wounded.
The brown ugly thing headbutts you. The acid corrodes you!
You are splashed with acid.
* * * LOW HITPOINT WARNING * * *
You hit the brown ugly thing.
Your weapon exudes an aura of protection.
The brown ugly thing is heavily wounded.
The brown ugly thing headbutts you!
* * * LOW HITPOINT WARNING * * *
You are splashed with acid!
You die...

.....8.†............#
.###...###..........#
##.'#.#'.##..#.##...#
#...#.#...##.####...#
...##.##...#........#
..##...##.(#........#
###.....####........#
.............#########
................@....#
................u....#
.....................#
.....................#
..##...#.............#
.#..#.#....###'##'####
.#....#..#. .... ..
..#.. .##..'.... ...
...#.... ...#


You could see a brown ugly thing.

Vanquished Creatures
  Sigmund (D:3)
  A water moccasin (D:5)
  A hornet zombie (D:6)
  2 sky beasts (D:6)
  3 necrophages (D:6)
  An ogre (D:5)
  2 centaurs (D:6)
  2 phantoms (D:5)
  A bullfrog (D:5)
  2 scorpions
  2 water moccasin skeletons
  2 hounds
  A jelly (D:5)
  3 orc priests
  A bullfrog skeleton (D:5)
  6 iguanas
  A scorpion zombie (D:5)
  Terence (D:3)
  3 gnolls (D:5)
  6 adders
  A shadow imp (D:6)
  A white imp (D:5)
  An adder skeleton (D:5)
  A worm (D:3)
  A dart slug (D:2)
  12 orcs
  6 bats
  8 endoplasms
  3 giant cockroaches
  6 goblins
  3 hobgoblins
  2 jackals (D:1)
  A quokka (D:4)
  2 ball pythons (D:2)
  A frilled lizard (D:1)
  12 kobolds
  6 rats
109 creatures vanquished.

Vanquished Creatures (others)
  A demonic plant (D:1)
1 creature vanquished.

Grand Total: 110 creatures vanquished

Notes
Turn   | Place    | Note
-------+----------+-------------------------------------------
     0 | D:1      | bande the Gargoyle Fighter began the quest for the Orb.
     0 | D:1      | Reached XP level 1. HP: 14/14 MP: 1/1
   173 | D:1      | Reached skill level 2 in Axes
   173 | D:1      | Reached XP level 2. HP: 19/19 MP: 2/2
   369 | D:1      | Found a faded altar of an unknown god.
  1009 | D:2      | Reached XP level 3. HP: 24/24 MP: 3/3
  1357 | D:2      | Reached XP level 4. HP: 19/29 MP: 4/4
  1503 | D:3      | Identified a scroll of acquirement
  1503 | D:3      | Acquired 1008 gold pieces
  1545 | D:3      | Noticed Terence
  1563 | D:3      | Killed Terence
  1564 | D:3      | Reached skill level 3 in Axes
  1775 | D:3      | Noticed Sigmund
  1802 | D:3      | Killed Sigmund
  1803 | D:3      | Reached skill level 4 in Axes
  1803 | D:3      | Reached XP level 5. HP: 33/33 MP: 5/5
  1803 | D:3      | Reached XP level 6. HP: 38/38 MP: 6/6
  2893 | D:5      | Entered Level 5 of the Dungeon
  2940 | D:5      | Found a hazy altar of Hepliaklqana.
  2974 | D:5      | Reached XP level 7. HP: 37/44 MP: 7/7
  2978 | D:5      | Reached skill level 5 in Axes
  3359 | D:5      | Reached skill level 5 in Fighting
  3359 | D:5      | Reached skill level 5 in Armour
  3400 | D:5      | Reached skill level 6 in Axes
  3400 | D:5      | Reached XP level 8. HP: 49/49 MP: 8/8
  3492 | D:5      | Found an ornate altar of the Wu Jian Council.
  3763 | D:5      | Acquired 929 gold pieces
  4127 | D:5      | Reached skill level 1 in Evocations
  4133 | D:5      | Reached skill level 5 in Shields
  4201 | D:6      | Reached skill level 7 in Axes
  4269 | D:6      | Reached XP level 9. HP: 55/55 MP: 9/9
  4398 | D:6      | Noticed a brown ugly thing
  4421 | D:6      | Splashed by a brown ugly thing's acid

Illustrated notes

Levels and vault maps discovered:
D:1:      nagdon_arrival_double_spiral, layout_rooms,
          shapermc_ecumenical_altar_gd
D:2:      layout_basic, serial_curves, eino_curves_04, eino_curves_01,
          minmay_misc_feat_enclosed
D:3:      layout_rooms, minmay_unequal, uniq_terence, uniq_sigmund
D:4:      layout_basic, minmay_bisected
D:5:      layout_basic, mainiacjoe_overflow_tiny_flanked,
          nzn_wu_jian_contemplation, kennysheep_nondescript,
          chequers_serial_rivers_marsh, minmay_misc_feat_iff,
          chequers_serial_rivers_large_b
D:6:      cheibrodos_barr_body, layout_gridville,
          minmay_temple_entry_mini_moons, minmay_misc_feat_diagonals,
          minivault_5

Skill      XL: |  1  2  3  4  5  6  7  8 |
---------------+-------------------------+-----
Axes           | 2 4 6 7 |  7.9
Armour         | 4 5 |  5.6
Fighting       | 4 5 |  5.8
Shields        | 4 5 |  5.8
Evocations     | 2 |  2.9
Stealth        | |  0.2

Action                   |  1- 3 |  4- 6 |  7- 9 || total
-------------------------+-------+-------+-------++-------
Melee: War axe           |    92 |   154 |   211 ||   457
  Use: Scroll            |     8 |     1 |     4 ||    13
       Potion            |       |       |     3 ||     3
Armor: Scale mail        |    54 |     6 |       ||    60
       Chain mail        |       |   114 |   180 ||   294
Dodge: Dodged            |    54 |    85 |    91 ||   230
Block: Buckler           |    15 |    58 |    78 ||   151

Table legend: (Time is in decaauts)
 A = Elapsed time spent in this place.
 B = Non-inter-level travel time spent in this place.
 C = Inter-level travel time spent in this place.
 D = Time resting spent in this place.
 E = Time spent auto-exploring this place.
 F = Levels seen in this place.
 G = Mean time per level.
                   A        B        C        D        E       F      G
               +--------+--------+--------+--------+--------+-----+--------+
         Total |   4582 |   4550 |     32 |    941 |   2378 |   6 |  763.7 |
       Dungeon |   4582 |   4550 |     32 |    941 |   2378 |   6 |  763.7 |
               +--------+--------+--------+--------+--------+-----+--------+

Top non-repeatable levels by time:
     D:5: 1221 daAuts
     D:3: 897 daAuts
     D:2: 833 daAuts
     D:1: 657 daAuts
     D:4: 586 daAuts
     D:6: 386 daAuts
